 Dungeon Crawl Stone Soup version 0.30-a0-475-g03497ec522 (webtiles) character file.

Game seed: 5576020915042760236

2989 kae the Destroyer (level 9, -8/45 HPs)
             Began as a Tengu Fire Elementalist on Dec 20, 2022.
             Was a Follower of Vehumet.
             Mangled by a yak (10 damage)
             ... on level 7 of the Dungeon.
             The game lasted 00:06:59 (9382 turns).

kae the Destroyer (Tengu Fire Elementalist)         Turns: 9382, Time: 00:06:59

Health: -8/45      AC:  2    Str: 10    XL:     9   Next: 83%
Magic:  0/18       EV: 19    Int: 19    God:    Vehumet [*.....]
Gold:   380        SH:  0    Dex: 14    Spells: 5/18 levels left

rFire   . . .      SeeInvis +    r - +1 whip (freeze)
rCold   . . .      Faith    .    (no shield)
rNeg    . . .      Spirit   +    a - +0 robe
rPois   .          Reflect  .    (helmet restricted)
rElec   .          Harm     .    (no cloak)
rCorr   .          Rampage  .    (no gloves)
Will    .....                    (boots unavailable)
Stlth   ++........               G - amulet of guardian spirit
HPRegen 0.27/turn                v - ring of see invisible
MPRegen 0.16/turn                E - +4 ring of evasion

@: flying quickly and evasively, studying Dodging, quick
A: beak, talons 3, nimble flight
a: Renounce Religion


You were on level 7 of the Dungeon.
You worshipped Vehumet.
Vehumet was aware of your devotion.
You visited 2 branches of the dungeon, and saw 9 of its levels.

You collected 380 gold pieces.


Innate Abilities, Weirdness & Mutations

You have a beak for a mouth.
You have claws for feet.
Your magical nature lets you fly swiftly and evasively.


   Skills:
 + Level 3.1 Dodging
 - Level 2.0 Stealth
 + Level 5.4 Spellcasting
 * Level 10.1 Conjurations
 + Level 3.4 Hexes
 * Level 9.2 Fire Magic


You had 5 spell levels left.
You knew the following spells:

 Your Spells              Type           Power      Damage    Failure   Level
a - Foxfire               Conj/Fire      100%       2x1d9     1%          1
b - Scorch                Fire           80%        2d9       1%          2
c - Inner Flame           Hex/Fire       29%        N/A       2%          3
d - Flame Wave            Conj/Fire      42%        2d11      2%          4
e - Kindle Blastsparks    Fire/Tloc/Air  32%        2d12      10%         3

Your spell library contained the following spells:

 Spells                   Type           Power      Damage    Failure   Level
 Shock                    Conj/Air       96%        1d9       1%          1
 Stone Arrow              Conj/Erth      48%        3d10      4%          3
 Animate Armour           Summ/Erth      10%        N/A       75%         4
 Lehudib's Crystal Spear  Conj/Erth      12%        10d4      100%        8

Inventory:

Hand Weapons
 r - a +1 whip of freezing (weapon)
   (You took it off a gnoll on level 4 of the Dungeon)
Missiles
 d - 52 stones
 f - 12 poisoned darts
 o - 5 boomerangs
 u - 5 silver javelins
 z - 6 javelins
Armour
 a - a +0 robe (worn)
Magical Staves
 n - a staff of air {!a}
   (You found it on level 3 of the Dungeon)
 p - a staff of poison {!a}
   (You found it on level 4 of the Dungeon)
Jewellery
 v - a ring of see invisible (left hand)
   (You found it on level 7 of the Dungeon)
 E - a +4 ring of evasion (right hand)
   (You found it on level 5 of the Dungeon)
 G - an amulet of guardian spirit (around neck)
   (You found it on level 6 of the Dungeon)
 R - a ring of resist corrosion
   (You found it on level 2 of the Dungeon)
Wands
 h - a wand of polymorph (7)
   (You took it off Jessica on level 2 of the Dungeon)
 m - a wand of light (3)
   (You found it on level 3 of the Dungeon)
 q - a wand of charming (2)
   (You found it on level 4 of the Dungeon)
Scrolls
 k - 6 scrolls of fear
 t - a scroll of teleportation {@r4}
 y - a scroll of identify {@r1}
Potions
 c - 2 potions of heal wounds {@q2}
 e - 2 potions of attraction {!q}
 g - a potion of flight
 i - a potion of might
 j - 3 potions of invisibility
 l - 2 potions of haste {@q3}
 s - a potion of ambrosia {unknown}
 w - 2 potions of lignification {unknown}
 x - a potion of degeneration {unknown}

Dungeon Overview and Level Annotations

Branches:
Dungeon (8/15) Zot: 26339  Temple (1/1) D:5 Zot: 5847
   Lair: D:8-11

Altars:
Ashenzari
Cheibriados
Dithmenos
Elyvilon
Fedhas
Gozag
Kikubaaqudgha
Makhleb
Nemelex Xobeh
Okawaru
Qazlal
Ru
Sif Muna
Trog
Uskayaw
Vehumet
Yredelemnul
Zin
The Shining One

Annotations:
D:6 exclusions: killer bee and ugly thing
D:7 3 runed translucent doors, Raultor's ghost, novice OpTm; initializr's ghost, novice TeFE

########### #.......).#
#.#######.###
#.#<..#.....##
#.###.#.#....#
###.....#.###..#
..)........[#..###
...............Y@#
......#........#Y#####
......#.########Y....####
####..#...#.............#
#......#.####...#.##.#
#####'#####........#.##.#
.............###........#
........####.# #...#.####
........# #.###.#.#.#


You could see 3 yaks.


Message History

You are poisoned.
The killer bee poisons you!
There is a stone staircase leading up, spattered with blood here. 😮 HP[-13] MP[-7]
You take 13 damage, and now have 32/45 hp.
MASSIVE DAMAGE!! (PAUSE)
You lost 7 mp, and now have 11/18 mp.
You feel very sick.
The centaur shoots an arrow.
The arrow misses you. The killer bee misses you.
The centaur shoots an arrow.
The arrow barely misses you. The killer bee completely misses you.
You fly upwards.
Level annotation: 3 runed translucent doors, Raultor's ghost, novice OpTm; initializr's ghost, novice TeFE You feel sick.
There is a stone staircase leading down, spattered with blood here.
Unknown command. 😮 HP[-4]
You take 4 damage, and now have 28/45 hp.
Unknown command.
Unknown command.
Casting: Scorch (safe; 1% risk of failure)
Confirm with . or Enter, or press ? or * to list all spells.
Flames lash the killer bee.
The killer bee's fire resistance burns away.
You feel sick. The killer bee barely misses you. The killer bee stings you.
You feel sick. The killer bee closely misses you.
The killer bee barely misses you. 😮 HP[-2] MP[-2]
You take 2 damage, and now have 26/45 hp.
You lost 2 mp, and now have 9/18 mp.
Casting: Scorch (safe; 1% risk of failure)
Confirm with . or Enter, or press ? or * to list all spells.
Flames lash the killer bee.
The killer bee is burned terribly!
You kill the killer bee!
Vehumet accepts your kill.
You feel your power returning.
You feel sick.
You feel sick. 😮 HP[-2]
You take 2 damage, and now have 24/45 hp.
Casting: Scorch (safe; 1% risk of failure)
Confirm with . or Enter, or press ? or * to list all spells.
You can't see any susceptible monsters within range! (Use Z to cast anyway.)
Casting: Scorch (safe; 1% risk of failure)
Confirm with . or Enter, or press ? or * to list all spells.
You can't see any susceptible monsters within range! (Use Z to cast anyway.)
You start resting.
You feel sick. x2
You are no longer poisoned. 😮 HP[-1]
You take 1 damage, and now have 23/45 hp.
You start resting. 😮 HP[+9] MP[+6]
You regained 9 hp, and now have 32/45 hp.
You regained 6 mp, and now have 15/18 mp.
You start resting. 😕 HP[+5] MP[+3]
You regained 5 hp, and now have 37/45 hp.
Your mp is fully restored (18).
You start resting. 😕 HP[+1]
You start resting. 😎 HP[+7]
Your hp is fully restored (45).
Things that are here:
a +0 dagger; an orc corpse
There is an open door here.
There is a stone staircase leading down, spattered with blood here.
You fly downwards.
The yak bellows! x3; You hear an angry buzzing noise.
The yak bellows!
The yak closely misses you.
The yak bellows!
You hear a shout!
You hear an angry buzzing noise.
There is a stone staircase leading up, spattered with blood here.
Unknown command.
The yak gores you! The yak barely misses you. The yak gores you!
You fly upwards.
Level annotation: 3 runed translucent doors, Raultor's ghost, novice OpTm; initializr's ghost, novice TeFE
There is a stone staircase leading down, spattered with blood here. 😮 HP[-18] MP[-7]
You take 18 damage, and now have 27/45 hp.
MASSIVE DAMAGE!! (PAUSE)
You lost 7 mp, and now have 11/18 mp.
Casting: Scorch (safe; 1% risk of failure)
Confirm with . or Enter, or press ? or * to list all spells.
Casting: Flame Wave (dangerous; 2% risk of failure)
Press: ? - help, Dir - look around, f - activate A wave of flame ripples out!
The flame wave engulfs the yak!
The flame wave engulfs the yak. (Press . to intensify the flame waves.)
The yak misses you. The yak gores you!
* * * LOW HITPOINT WARNING * * *
😨 HP[-12] MP[-7]
You take 12 damage, and now have 15/45 hp.
MASSIVE DAMAGE!! (PAUSE)
You lost 7 mp, and now have 4/18 mp.
A wave of flame ripples out!
The flame wave engulfs the yak but does no damage.
The flame wave engulfs the yak.
The flame wave engulfs the yak!
The yak gores you!
* * * LOW HITPOINT WARNING * * *
The yak gores you!
You die...

Skill      XL: |  1  2  3  4  5  6  7  8  9 |
---------------+----------------------------+-----
Conjurations   | 2 3 4 5 6 8 10 | 10.1
Fire Magic     | 4 5 6 7 9 |  9.2
Spellcasting   | 3 4 5 |  5.4
Hexes          | 1 2 3 |  3.4
Dodging        | 3 |  3.1
Stealth        | |  2.0

Action                   |  1- 3 |  4- 6 |  7- 9 || total
-------------------------+-------+-------+-------++-------
Melee: Unarmed           |     5 |       |       ||     5
       Kick              |     3 |       |     4 ||     7
       Peck              |     1 |       |     1 ||     2
       Whip              |       |       |    10 ||    10
 Cast: Foxfire           |    75 |    80 |   106 ||   261
       Scorch            |     2 |    31 |    73 ||   106
       Flame Wave        |       |       |     5 ||     5
       Inner Flame       |       |       |     5 ||     5
Evoke: Wand              |       |     2 |       ||     2
  Use: Scroll            |     2 |     4 |     2 ||     8
       Potion            |       |       |     2 ||     2
Armor: Robe              |     3 |     3 |     8 ||    14
Dodge: Dodged            |    26 |    17 |   119 ||   162

Levels and vault maps discovered:
D:1:      heliophobic_arrival_henge, layout_loops_ring, minmay_misc_feat_pillars
D:2:      kb_forest_paths, layout_loops_corners, serial_glass, glass_columns_a,
          glass_columns_a, minmay_strange_pillars, due_unseen_surprise,
          minmay_strange_pillars, minmay_strange_pillars,
          chequers_ecumenical_altar_simple_redux, uniq_jessica, uniq_natasha
D:3:      layout_basic, minmay_box_of_dots, uniq_ijyb
D:4:      layout_loops_ring, hangedman_abyss_or_decor_passed,
          kennysheep_windowed_goal
D:5:      layout_gridville, temple_statues
D:6:      layout_loops_cross, hellmonk_guarded_unrand_hermit
D:7:      layout_basic, gammafunk_ghost_cemetery, minmay_manual_mail
D:8:      layout_cave_pools, regret_index_temple_of_mockery, serial_shops,
          nicolae_shop_hallway_plus, nicolae_shop_advertising_works
          [nicolae_subvault_shop_adworks], nicolae_shop_stone,
          nicolae_shop_hallway_plus
Temple:   nicolae_temple_bog_church

Notes
Turn   | Place    | Note
-------+----------+-------------------------------------------
     0 | D:1      | kae the Tengu Fire Elementalist began the quest for the
                  | Orb.
     0 | D:1      | Reached XP level 1. HP: 10/10 MP: 4/4
     0 | D:1      | magus.rc [v1.11.3]
   120 | D:1      | Reached skill level 2 in Conjurations
   120 | D:1      | Reached XP level 2. HP: 15/15 MP: 0/6
   820 | D:1      | Reached XP level 3. HP: 15/19 MP: 3/7
   823 | D:1      | Learned a level 2 spell: Scorch
   827 | D:1      | Learned a level 3 spell: Inner Flame
  1041 | D:2      | Found a faded altar of an unknown god.
  1200 | D:2      | Reached skill level 4 in Fire Magic
  1320 | D:2      | Reached skill level 3 in Conjurations
  1609 | D:2      | Noticed Jessica
  1617 | D:2      | Killed Jessica
  1618 | D:2      | Reached XP level 4. HP: 14/24 MP: 3/8
  1896 | D:2      | Noticed Natasha
  1929 | D:2      | Killed Natasha
  1930 | D:2      | Gained mutation: Your magical nature lets you fly swiftly
                  | and evasively. [Tengu growth]
  1930 | D:2      | Reached XP level 5. HP: 27/28 MP: 3/10
  2004 | D:2      | Reached skill level 4 in Conjurations
  2201 | D:2      | Noticed Natasha
  2210 | D:2      | Killed Natasha
  2470 | D:2      | Noticed Natasha
  2478 | D:2      | Killed Natasha
  2479 | D:2      | Reached skill level 5 in Fire Magic
  2788 | D:3      | Noticed Ijyb
  2950 | D:3      | Ijyb changed into Ijyb the rat
  2950 | D:3      | Noticed Ijyb
  2951 | D:3      | Killed Ijyb the rat
  3641 | D:4      | Reached skill level 3 in Spellcasting
  3641 | D:4      | Reached XP level 6. HP: 32/32 MP: 5/11
  4122 | D:4      | Reached skill level 5 in Conjurations
  4615 | D:4      | Reached skill level 1 in Hexes
  4629 | D:4      | Reached XP level 7. HP: 36/36 MP: 9/13
  4685 | D:4      | Learned a level 4 spell: Flame Wave
  4713 | D:5      | Entered Level 5 of the Dungeon
  4889 | D:4      | Reached skill level 6 in Fire Magic
  5050 | D:5      | Reached skill level 6 in Conjurations
  5733 | D:5      | Reached XP level 8. HP: 41/41 MP: 8/14
  5962 | D:5      | Reached skill level 7 in Conjurations
  6033 | D:5      | Reached skill level 4 in Spellcasting
  6192 | D:5      | Found a staircase to the Ecumenical Temple.
  6197 | Temple   | Entered the Ecumenical Temple
  6349 | Temple   | Became a worshipper of Vehumet
  6455 | D:6      | Reached skill level 2 in Hexes
  6455 | D:6      | Reached skill level 7 in Fire Magic
  6848 | D:6      | Reached skill level 8 in Conjurations
  7068 | D:6      | Reached XP level 9. HP: 45/45 MP: 13/16
  7121 | D:6      | Reached skill level 8 in Fire Magic
  7194 | D:6      | Learned a level 3 spell: Kindle Blastsparks
  7406 | D:6      | Reached skill level 9 in Conjurations
  7514 | D:6      | Found a faded altar of an unknown god.
  7514 | D:6      | Found the Hermit's Pendant {Faith Invo=14 Evo=0 MP+5}
  7515 | D:6      | Noticed a green ugly thing
  7889 | D:7      | Reached skill level 5 in Spellcasting
  7889 | D:7      | Reached skill level 3 in Hexes
  7968 | D:7      | Found a runed translucent gate.
  7983 | D:7      | Found a runed translucent gate.
  7983 | D:7      | Found a runed translucent gate.
  7985 | D:7      | Noticed Raultor's ghost (novice OpTm)
  7985 | D:7      | Noticed initializr's ghost (novice TeFE)
  8469 | D:7      | You pick up a book of Armaments and begin reading...
  8469 | D:7      | You add the spells Stone Arrow, Animate Armour and
                  | Lehudib's Crystal Spear to your library.
  8720 | D:8      | Reached * piety under Vehumet
  8720 | D:8      | Offered knowledge of Shock by Vehumet.
  8862 | D:8      | Reached skill level 9 in Fire Magic
  9023 | D:8      | Reached skill level 10 in Conjurations
  9031 | D:7      | HP: 10/45 [killer bee (6)]
  9039 | D:7      | Reached skill level 3 in Dodging
  9382 | D:7      | HP: 2/45 [yak (14)]
  9382 | D:7      | Mangled by a yak

Vanquished Creatures
  A water moccasin (D:6)
  3 ice beasts
  4 sky beasts
  5 ogres
  3 phantoms
  A bullfrog (D:8)
  2 necrophages
  3 scorpions
  7 killer bees
  A howler monkey (D:5)
  3 jellies (D:5)
  4 hounds
  3 gnoll boudas
  Jessica (D:2)
  An orc wizard (D:7)
  Natasha (thrice) (D:2)
  6 adders
  22 gnolls
  A shadow imp (D:7)
  A white imp (D:8)
  An ufetubus (D:7)
  4 worms
  3 dart slugs
  16 orcs
  11 ball pythons
  5 endoplasms
  2 giant cockroaches
  8 goblins
  18 hobgoblins
  2 quokkas
  7 bats
  3 frilled lizards
  4 kobolds
  8 rats
167 creatures vanquished.

Vanquished Creatures (collateral kills)
  4 gnolls (D:4)
4 creatures vanquished.

Vanquished Creatures (others)
  422 foxfires
  6 withered plants (D:7)
428 creatures vanquished.

Grand Total: 599 creatures vanquished

Table legend:
 A = Non-vault XP
 B = Vault XP
 C = Vault XP percentage of total XP
 D = Non-vault monster count
 E = Vault monster count
 F = Vault count percentage of total count
                 A         B        C        D         E       F
            +---------+---------+-------+---------+---------+-------
      Total |    3914 |     357 |   8.4 |     153 |      18 |  10.5
            +---------+---------+-------+---------+---------+-------
        D:1 |      40 |       0 |   0.0 |      22 |       0 |   0.0
        D:2 |     140 |      77 |  35.5 |      21 |       8 |  27.6
        D:3 |      38 |       6 |  13.6 |      16 |       4 |  20.0
        D:4 |     358 |       2 |   0.6 |      25 |       1 |   3.8
        D:5 |     713 |       0 |   0.0 |      21 |       0 |   0.0
        D:6 |    1327 |       0 |   0.0 |      19 |       0 |   0.0
        D:7 |     917 |     272 |  22.9 |      19 |       5 |  20.8
        D:8 |     381 |       0 |   0.0 |      10 |       0 |   0.0
            +---------+---------+-------+---------+---------+-------

Illustrated notes

Table legend:
 A = Kills in this place as a percentage of kills in entire the game.
 B = Kills by you in this place as a percentage of kills by you in the entire game.
 C = Kills by friends in this place as a percentage of kills by friends in the entire game.
 D = Other kills in this place as a percentage of other kills in the entire game.
 E = Experience gained in this place as a percentage of experience gained in the entire game.
 F = Experience gained in this place divided by the number of levels of this place that you have seen.
                   A       B       C       D       E      F
               +-------+-------+-------+-------+-------+----------------------
         Total | 100.0 | 100.0 | 100.0 |   N/A | 100.0 | 474.6
       Dungeon | 100.0 | 100.0 | 100.0 |   N/A | 100.0 | 533.9
               +-------+-------+-------+-------+-------+----------------------

Table legend: (Time is in decaauts)
 A = Elapsed time spent in this place.
 B = Non-inter-level travel time spent in this place.
 C = Inter-level travel time spent in this place.
 D = Time resting spent in this place.
 E = Time spent auto-exploring this place.
 F = Levels seen in this place.
 G = Mean time per level.
                   A        B        C        D        E       F      G
               +--------+--------+--------+--------+--------+-----+--------+
         Total |   8972 |   8535 |    437 |    954 |   6331 |   9 |  996.9 |
       Dungeon |   8820 |   8420 |    400 |    954 |   6229 |   8 | 1102.5 |
        Temple |    152 |    116 |     36 |      0 |    102 |   1 |  152.0 |
               +--------+--------+--------+--------+--------+-----+--------+

Top non-repeatable levels by time:
     D:7: 1654 daAuts
     D:2: 1454 daAuts
     D:4: 1298 daAuts
     D:5: 1239 daAuts
     D:6: 1106 daAuts
     D:1: 1039 daAuts
     D:3: 969 daAuts
  Temple: 152 daAuts
     D:8: 58 daAuts
